 Dungeon Crawl Stone Soup version 0.31-a0-1-g4198be8af4 (webtiles) character file.

Game seed: 9357023637102714387

1077 Mickster the Twirler (level 8, -2/68 HPs)
             Began as a Hill Orc Berserker on May 1, 2023.
             Was a Believer of Trog.
             Splashed by a jelly's acid (5 damage)
             ... on level 5 of the Dungeon.
             The game lasted 00:48:51 (3867 turns).

Mickster the Twirler (Hill Orc Berserker)           Turns: 3867, Time: 00:48:51

Health: -2/68      AC: 14    Str: 21    XL:     8   Next: 29%
Magic:  8/8        EV: 14    Int:  6    God:    Trog [**....]
Gold:   293        SH:  0    Dex: 14    Spells: 7/7 levels left

rFire   . . .        f - +3 quarterstaff (chaos)
rCold   . . .        (shield currently unavailable)
rNeg    . . .        j - +0 chain mail
rPois   +            g - +0 helmet
rElec   .            h - +2 cloak
rCorr   .            (no gloves)
SInv    .            (no boots)
Will    .....        (no amulet) Stlth
                     d - +5 ring of evasion
HPRegen 0.31/turn    n - ring of poison resistance
MPRegen 0.11/turn

%: no passive effects
@: on berserk cooldown, slowed, very slow
A: agile 1, wild magic 1
a: Renounce Religion, Berserk, Trog's Hand


You were on level 5 of the Dungeon.
You worshipped Trog.
Trog was pleased with you.
You visited 1 branch of the dungeon, and saw 5 of its levels.

You collected 293 gold pieces.

Inventory:

Hand Weapons
 a - a +0 hand axe
 c - a +4 quarterstaff of venom
 f - a +3 quarterstaff of chaos (weapon)
 p - a +0 sling
 s - a +2 vampiric dagger
Missiles
 b - 9 poisoned darts
 e - 35 stones
 i - 8 boomerangs (quivered)
Armour
 g - a +0 helmet (worn)
 h - a +2 cloak (worn)
 j - a +0 chain mail (worn)
Jewellery
 d - a +5 ring of evasion (left hand)
 n - a ring of poison resistance (right hand)
 v - a ring of resist corrosion
 x - a ring of poison resistance
Wands
 q - a wand of flame (19)
 u - a wand of light (4)
 y - a wand of iceblast (10)
Scrolls
 o - 2 scrolls of silence
 w - 2 scrolls of fog
 B - a scroll of identify {unknown}
Potions
 k - a potion of resistance
 l - 2 potions of lignification
 m - 2 potions of brilliance
 r - a potion of heal wounds {unknown}
 t - a potion of cancellation
 z - 2 potions of curing


   Skills:
 + Level 5.1 Fighting
 - Level 4.3 Axes
 * Level 6.9 Staves
 + Level 4.6 Armour
 + Level 2.3 Dodging
 + Level 0.2 Stealth


You had 7 spell levels left.
You didn't know any spells.
Your spell library was empty.

Dungeon Overview and Level Annotations

Branches:
Dungeon (5/15)
 Temple: D:4-7

Altars:

Shops:
D:1 :


Innate Abilities, Weirdness & Mutations

You are agile. (Dex +4, Str/Int -1)
Your spells are a little harder to cast, but a little more powerful.


Message History

Pikel closely misses you. The lemure misses you.
The lemure hits you but does no damage. The lemure barely misses you.
The lemure completely misses you.
You hit Pikel.
You kill Pikel!
Trog accepts your kill.
With Pikel's spell broken, his former minions thank you for their freedom.
The lemure departs this earthly plane. x4
Your Fighting skill increases to level 5!
Your Staves skill increases to level 6!
Your Armour skill increases to level 4!
You have reached level 8!
Things that are here:
a +2 whip of electrocution; a +0 robe; the kobold corpse of Pikel You feel a strong urge to attack something.
You are no longer berserk.
You are exhausted.
You feel yourself slow down.
You now have 293 gold pieces (gained 9).
B - a scroll labelled OCICUX GYGGAM
There are no items here.
As you read the scroll labelled NAONAPA YCHU, it crumbles to dust.
Your body is wracked with pain!
* * * LOW HITPOINT WARNING * * *
It was a scroll of torment.
You open the door.
A jelly comes into view.
The jelly quivers.
Found a scroll of immolation.
The jelly hits you but does no damage.
There is an open door here.
You thump the jelly!
Your hands burn!
* * * LOW HITPOINT WARNING * * *
The jelly is severely wounded.
The jelly hits you.
* * * LOW HITPOINT WARNING * * *
You are splashed with acid!
* * * LOW HITPOINT WARNING * * *
The jelly hits you.
* * * LOW HITPOINT WARNING * * *
You are splashed with acid.
You die...

# #. #? ####
..##..##..## #
......J@...# .
.......#...#
####.########..##
#....####.###..###
#............)..# .#
#...............+ >.+ ##
######...###...##...#
#..##..##...###...##...#
#.......................


You could see a jelly.

Vanquished Creatures
  Pikel (D:5)
  A black bear (D:4)
  The ghost of erniekerbler the Firebug, a weakling DEFE (D:3)
  3 hounds (D:4)
  2 orc priests (D:3)
  2 gnoll boudas
  Crazy Yiuf (D:3)
  Jessica (D:3)
  6 adders
  13 gnolls
  A worm (D:2)
  9 orcs
  5 bats
  3 giant cockroaches (D:2)
  5 goblins
  6 hobgoblins
  6 kobolds
  2 quokkas
  6 ball pythons
  14 frilled lizards
  6 rats
94 creatures vanquished.

Vanquished Creatures (others)
  3 fungi (D:3)
  15 plants (D:2)
18 creatures vanquished.

Grand Total: 112 creatures vanquished

Notes
Turn   | Place    | Note
-------+----------+-------------------------------------------
     0 | D:1      | Mickster the Hill Orc Berserker began the quest for the
                  | Orb.
     0 | D:1      | Reached XP level 1. HP: 19/19 MP: 1/1
   244 | D:1      | Found Moduehyuwn's Book Shop.
   434 | D:1      | Reached XP level 2. HP: 27/27 MP: 2/2
  1142 | D:2      | Reached XP level 3. HP: 33/33 MP: 3/3
  1270 | D:2      | Reached skill level 1 in Staves
  1488 | D:2      | Reached ** piety under Trog
  1734 | D:2      | Reached XP level 4. HP: 40/40 MP: 4/4
  1738 | D:2      | Reached skill level 2 in Staves
  1750 | D:2      | Reached XP level 5. HP: 16/46 MP: 5/5
  2254 | D:3      | Reached skill level 3 in Staves
  2418 | D:3      | Noticed Jessica
  2420 | D:3      | Killed Jessica
  2421 | D:3      | Reached XP level 6. HP: 52/53 MP: 6/6
  2540 | D:3      | Gained mutation: Your spells are a little harder to cast,
                  | but a little more powerful. [potion of mutation]
  2540 | D:3      | Gained mutation: You are agile. (Dex +4, Str/Int -1)
                  | [potion of mutation]
  2650 | D:3      | Found a runed translucent door.
  2653 | D:3      | Noticed erniekerbler's ghost (weakling DEFE)
  2667 | D:3      | Reached skill level 4 in Staves
  2669 | D:3      | Killed erniekerbler's ghost
  2759 | D:3      | Found a runed translucent door.
  2760 | D:3      | Noticed Crazy Yiuf
  2772 | D:3      | Killed Crazy Yiuf
  3001 | D:4      | Noticed a black bear
  3009 | D:4      | Killed a black bear
  3010 | D:4      | Reached XP level 7. HP: 58/60 MP: 7/7
  3018 | D:4      | Reached skill level 5 in Staves
  3809 | D:5      | Entered Level 5 of the Dungeon
  3838 | D:5      | Noticed Pikel
  3855 | D:5      | Killed Pikel
  3856 | D:5      | Reached skill level 5 in Fighting
  3856 | D:5      | Reached skill level 6 in Staves
  3856 | D:5      | Reached XP level 8. HP: 37/68 MP: 8/8
  3867 | D:5      | HP: 3/68 [jelly (2)]
  3867 | D:5      | Splashed by a jelly's acid

Illustrated notes

Levels and vault maps discovered:
D:1:      tarquinn_simple_flora_water_b, layout_basic, serial_shops,
          nicolae_shop_just_a_little_nook
D:2:      layout_loops_corners, serial_bayou, serial_bayou_crossing,
          serial_bayou_pond_d, serial_bayou_shore_a, serial_bayou_pond_d,
          serial_bayou_pond_e, minmay_lizard_king
D:3:      layout_rooms, ebering_ghost_sewer_d, uniq_jessica,
          uniq_crazy_yiuf_cottage
D:4:      cheibrodos_quashed, layout_basic
D:5:      layout_gridville, minmay_temple_entry_hall, uniq_pikel

Skill      XL: |  1  2  3  4  5  6  7 |
---------------+----------------------+-----
Fighting       | 4 5 |  5.1
Staves         | 1 2 3 4 6 |  6.9
Armour         | 3 4 |  4.6
Dodging        | 2 |  2.3
Axes           | |  4.3
Stealth        | |  0.2

Action                     |  1- 3 |  4- 6 |  7- 9 || total
---------------------------+-------+-------+-------++-------
  Melee: Quarterstaff      |    86 |   111 |    67 ||   264
 Invoke: Berserk           |     3 |     4 |     1 ||     8
         Trog's Hand       |     1 |     3 |     1 ||     5
    Use: Potion            |     2 |     6 |     1 ||     9
         Scroll            |     2 |     6 |     1 ||     9
 Armour: Leather armour    |     9 |       |       ||     9
         Animal skin       |     1 |       |       ||     1
         Chain mail        |    31 |    36 |    41 ||   108
  Dodge: Dodged            |   125 |    73 |    63 ||   261

Table legend: (Time is in decaauts)
 A = Elapsed time spent in this place.
 B = Non-inter-level travel time spent in this place.
 C = Inter-level travel time spent in this place.
 D = Time resting spent in this place.
 E = Time spent auto-exploring this place.
 F = Levels seen in this place.
 G = Mean time per level.
                   A        B        C        D        E       F      G
               +--------+--------+--------+--------+--------+-----+--------+
         Total |   3977 |   3583 |    394 |    271 |      0 |   5 |  795.4 |
       Dungeon |   3977 |   3583 |    394 |    271 |      0 |   5 |  795.4 |
               +--------+--------+--------+--------+--------+-----+--------+

Top non-repeatable levels by time:
     D:2: 1414 daAuts
     D:1: 913 daAuts
     D:4: 880 daAuts
     D:3: 711 daAuts
     D:5: 57 daAuts
